AoeStats
← [Massa] Edo

Arena

510222699Analyzed
2v2 RM · 1d ago on Sep 30, 2026· 60m 28s· 4 players
Game mode
Random Map
Map size
Medium (4 player)
Population
200
Speed
Normal
Resources
Standard
Victory
Conquest
Starting age
Dark Age
Ending age
Imperial Age
RankedLock teamsTeams togetherTeam positionsShared explorationLock speedFull tech treeHidden civsTurbo modeCheats
Victory
Defeat
🇧🇷 Italians · Brazil
1410
+18
🇧🇷 Gurjaras · Brazil
1392
+19
🇧🇷 Cumans · Brazil
1509
-21
🇫🇷 Bengalis · France
1391
-16
[Massa] Edo
9:32 Feudal Age
13:12 Castle Age
11:31 Double-Bit Axe
12:42 Loom
16:49 Horse Collar
25:56 Bow Saw
26:56 Wheelbarrow
26:57 Gold Mining
27:20 Heavy Plow
32:33 Imperial Age
30:24 Stone Mining
30:47 Fletching
30:58 Padded Archer Armor
31:38 Bodkin Arrow
32:29 Leather Archer Armor
33:03 Thumb Ring
33:24 Ballistics
33:52 Stone Shaft Mining
34:47 Two-Man Saw
35:00 Chemistry
34:57 Bracer
35:28 Ring Archer Armor
35:29 Murder Holes
36:19 Masonry
36:50 Hoardings
36:35 Conscription
37:19 Crop Rotation
37:12 Hand Cart
43:09 Caravan
42:45 Elite Genoese Crossbowman
49:28 Silk Road
55:22 Scale Barding Armor
55:28 Forging
57:42 Chain Barding Armor
57:57 Iron Casting
56:44 Light Cavalry
57:35 Bloodlines
57:26 Husbandry
59:55 Plate Barding Armor
tg
11:04 Feudal Age
14:55 Castle Age
13:56 Scale Barding Armor
13:37 Double-Bit Axe
14:08 Horse Collar
15:07 Bloodlines
22:13 Bow Saw
22:04 Heavy Plow
23:44 Wheelbarrow
24:52 Hand Cart
24:49 Gold Mining
26:47 Loom
27:13 Stone Mining
28:01 Gold Shaft Mining
30:19 Imperial Age
28:34 Redemption
28:29 Town Watch
28:47 Husbandry
29:08 Chain Barding Armor
29:09 Forging
33:01 Plate Barding Armor
31:48 Heavy Camel Rider
34:48 Iron Casting
35:01 Crop Rotation
35:19 Fletching
39:16 Coinage
38:34 Treadmill Crane
39:04 Masonry
39:15 Ballistics
39:55 Chemistry
38:51 Bodkin Arrow
40:11 Padded Archer Armor
40:13 Bracer
39:41 Light Cavalry
40:13 Siege Elephant
41:49 Kshatriyas
41:17 Elite Skirmisher
43:21 Conscription
43:17 Leather Archer Armor
43:48 Thumb Ring
44:45 Chemistry
45:13 Caravan
46:56 Architecture
46:22 Murder Holes
55:14 Hussar
57:36 Stone Shaft Mining
57:57 Hoardings
FLEJEUNE
10:03 Feudal Age
14:38 Castle Age
12:35 Double-Bit Axe
13:03 Horse Collar
14:06 Town Watch
15:44 Bow Saw
22:05 Wheelbarrow
23:28 Heavy Plow
24:40 Loom
25:25 Gold Mining
25:27 Stone Mining
26:34 Hand Cart
26:25 Fletching
27:06 Bodkin Arrow
29:57 Imperial Age
28:41 Gold Shaft Mining
28:12 Padded Archer Armor
28:49 Ballistics
29:54 Husbandry
30:05 Bloodlines
30:13 Scale Barding Armor
30:19 Forging
31:05 Leather Archer Armor
31:30 Crop Rotation
32:01 Two-Man Saw
31:06 Bracer
32:08 Chemistry
31:58 Conscription
32:19 Paiks
32:35 Guilds
33:02 Devotion
33:46 Leather Archer Armor
32:54 Elite Elephant Archer
34:12 Faith
35:01 Siege Engineers
36:16 Ring Archer Armor
36:01 Elite Battle Elephant
37:49 Mahayana
38:21 Iron Casting
38:58 Masonry
38:58 Fortified Wall
39:18 Town Patrol
53:16 Elite Skirmisher
59:56 Crossbowman
brunoteixeirster
8:52 Feudal Age
17:27 Fletching
18:56 Gold Mining
20:51 Double-Bit Axe
22:15 Horse Collar
27:25 Castle Age
26:21 Wheelbarrow
25:58 Stone Mining
32:12 Imperial Age
30:45 Masonry
30:46 Heavy Plow
31:11 Padded Archer Armor
31:16 Scale Barding Armor
31:22 Forging
34:24 Iron Casting
33:26 Light Cavalry
34:16 Bloodlines
37:08 Murder Holes
37:36 Bodkin Arrow
37:56 Leather Archer Armor
39:29 Leather Archer Armor
40:43 Ballistics
42:09 Chemistry
42:45 Thumb Ring
43:06 Parthian Tactics
42:50 Hussar
44:34 Chain Barding Armor
45:12 Ring Archer Armor
46:25 Onager
49:28 Hand Cart
54:59 Town Watch
55:00 Loom
Connection lost

Rejoining the realm…

Still unreachable

The connection could not be restored.

Session expired

The server has moved on; the page needs a fresh start.